Map: Dash and Terminal LE (Void)

Players

HASHE - Winner!

  • Race: Terran Terran
  • League: Silver

wabbajack

  • Race: Zerg Zerg
  • League: Gold

VOD

Have the link to the VOD?

Description

Time

  • Played on: July 20, 2015, 2:03 p.m.
  • Length: 7:20
Show
View Real Time Build Order
Export as new Build Order

HASHE Terran - Winner!

Build Orders:  

Get SALT Encoding   

  12  0:01  SCV  
  13  0:13  SCV  
  14  0:18  Supply Depot  
  14  0:25  SCV  
  15  0:34  Refinery  
  15  0:52  Barracks  
  15  0:53  Barracks  
  15  0:56  SCV  
  16  1:08  SCV  
  17  1:12  Supply Depot  
  17  1:20  SCV  
  18  1:32  SCV  
  19  1:42  Reaper x2  
  19  1:44  Orbital Command  
  21  2:11  SCV  
  22  2:19  Barracks Reactor, Barracks Tech Lab  
  22  2:26  SCV  
  23  2:32  Command Center  
  23  2:38  SCV  
  23  2:39  Bunker  
  24  2:51  Marine  
  22  2:53  SCV  
  22  2:57  Factory  
  24  2:59  Refinery  
  24  3:01  Supply Depot  
  24  3:05  SCV, Marine x2  
  26  3:12  Marine  
  27  3:17  SCV  
  29  3:23  Marine  
  29  3:25  Stimpack  
  30  3:29  Supply Depot, SCV  
  31  3:36  Marine x2  
  33  3:41  SCV  
  33  3:47  Orbital Command  
  34  3:51  Factory Reactor  
  34  3:52  Starport  
  34  3:54  Marine  
  35  3:56  Marine  
  35  3:59  Marine  
  37  4:03  SCV  
  38  4:14  Supply Depot  
  38  4:15  SCV x2  
  40  4:18  Marine x3  
  43  4:29  Widow Mine x2  
  47  4:32  Starport Reactor  
  47  4:36  Marine x2  
  49  4:40  Engineering Bay  
  35  4:49  Marine  
  35  4:51  SCV x2  
  33  4:54  Marine x2  
  33  4:55  Liberator  
  33  4:57  Liberator  
  35  5:03  SCV x2  
  40  5:15  Marine x2  
  45  5:39  Marine x3  
  45  5:40  Widow Mine  
  50  5:43  SCV  
  50  5:45  SCV  
  52  5:55  SCV  
  53  5:57  Marine  
  53  6:01  Armory  
  54  6:07  Liberator  
  54  6:09  SCV x2  
  56  6:16  Marine  
  57  6:21  SCV x2  
  62  6:26  Marine x2  
  64  6:33  SCV  
  64  6:37  SCV  
  66  6:45  SCV  
  67  6:52  Marine x3  
  70  7:08  Command Center  
  70  7:09  Supply Depot  
  70  7:10  Supply Depot  
Show
View Real Time Build Order
Export as new Build Order

wabbajack Zerg 

Build Orders: Hatch First 

Get SALT Encoding   

  12  0:01  Drone  
  13  0:14  Overlord  
  13  0:20  Drone  
  14  0:23  Extractor  
  14  0:24  Drone  
  15  0:40  Drone x2  
  17  0:57  Hatchery  
  17  1:00  Extractor  
  17  1:02  Extractor  
  14  1:06  Drone x2  
  16  1:11  Drone  
  17  1:26  Spawning Pool  
  17  1:30  Drone  
  17  1:32  Drone  
  18  1:45  Drone  
  19  1:56  Drone  
  20  2:08  Drone  
  21  2:13  Queen  
  23  2:18  Metabolic Boost  
  23  2:26  Pneumatized Carapace  
  23  2:28  Drone x2  
  25  2:32  Overlord  
  25  2:37  Zergling x2  
  25  2:38  Zergling x2  
  23  3:04  Baneling Nest  
  22  3:15  Spine Crawler  
  21  3:22  Queen  
  23  3:28  Zergling x4  
  23  3:30  Zergling x4  
  27  3:48  Baneling x2  
  27  3:49  Baneling x2  
  27  4:00  Baneling x2  
  21  4:56  Drone  
  21  4:57  Drone x5  
  27  5:00  Lair  
  27  5:10  Zergling x4  
  27  5:12  Zergling x4  
  31  5:19  Overlord x2  
  31  5:25  Roach Warren  
  30  5:55  Overlord x2  
  30  6:02  Hatchery, Drone x4, Evolution Chamber  
  30  6:03  Drone x2  
  30  6:04  Drone  
  35  6:15  Queen  
  35  6:17  Zergling x2  
  38  6:19  Zergling x4  
  38  6:20  Zergling x2  
  38  6:21  Zergling x2  
  38  6:25  Zergling x4  
  44  6:49  Baneling x3  
  44  6:50  Baneling  
Tags
 
Add a new tag
Caveats
  • Supply blocks, unpowered buildings, or Contaminate may cause inaccurate times.
  • Supply counts are checked every 10 seconds.